 Dungeon Crawl Stone Soup version 0.27.1 (webtiles) character file.

Game seed: 3379022662361269782

23 Renzlar the Shield-Bearer (level 2, 0/29 HPs)
             Began as a Gnoll Fighter on Aug 21, 2021.
             Succumbed to a kobold's poison
             ... on level 1 of the Dungeon.
             The game lasted 00:01:39 (354 turns).

Renzlar the Shield-Bearer (Gnoll Fighter)            Turns: 354, Time: 00:01:40

Health: 0/29       AC:  7    Str: 15    XL:     2   Next: 95%
Magic:  2/2        EV:  7    Int:  7    God:
Gold:   58         SH: 10    Dex: 11    Spells: 2/2 levels left

rFire    . . .     SeeInvis .   a - +0 war axe
rCold    . . .     Faith    .   c - +0 kite shield
rNeg     . . .     Spirit   .   b - +0 scale mail
rPois    .         Reflect  .   (no helmet)
rElec    .         Harm     .   (no cloak)
rCorr    .         Rampage  .   (no gloves)
Will     .....                  (no boots)
Stlth    ..........             (no amulet)
HPRegen  0.09/turn              (no ring)
MPRegen  0.08/turn              (no ring)

@: lethally poisoned (0 -> -3)
A: fangs 1, strong nose, distributed training
a: no special abilities


You were on level 1 of the Dungeon.
You visited 1 branch of the dungeon, and saw 1 of its levels.

You collected 58 gold pieces.

Inventory:

Hand Weapons
 a - a +0 war axe (weapon)
Missiles
 g - 29 stones (quivered)
Armour
 b - a +0 scale mail (worn)
 c - a +0 kite shield (worn)
Jewellery
 i - a ring of wizardry
Scrolls
 e - 4 scrolls of identify {unknown}
 f - 4 scrolls of immolation {unknown}
 h - a scroll of blinking {unknown}
Potions
 d - a potion of might


   Skills:
 + Level 6.5 Fighting
 + Level 0.5 Short Blades
 + Level 0.5 Long Blades
 + Level 4.5 Axes
 + Level 0.5 Maces & Flails
 + Level 0.5 Polearms
 + Level 0.5 Staves
 + Level 0.5 Slings
 + Level 0.5 Bows
 + Level 0.5 Crossbows
 + Level 0.5 Throwing
 + Level 6.5 Armour
 + Level 0.5 Dodging
 + Level 0.5 Stealth
 + Level 6.5 Shields
 + Level 0.5 Unarmed Combat
 + Level 0.5 Spellcasting
 + Level 0.4 Conjurations
 + Level 0.4 Hexes
 + Level 0.4 Summonings
 + Level 0.4 Necromancy
 + Level 0.4 Translocations
 + Level 0.4 Transmutations
 + Level 0.4 Fire Magic
 + Level 0.4 Ice Magic
 + Level 0.4 Air Magic
 + Level 0.4 Earth Magic
 + Level 0.4 Poison Magic
 + Level 0.7 Invocations
 + Level 0.5 Evocations


You had 2 spell levels left.
You didn't know any spells.
Your spell library was empty.

Dungeon Overview and Level Annotations

Branches:
Dungeon (1/15)

Altars:


Innate Abilities, Weirdness & Mutations

You have very sharp teeth.
Your uncanny sense of smell can sniff out nearby items.
Your experience applies equally to all skills.


Message History

You are more poisoned.
You barely miss the kobold. You bite the kobold, but do no damage.
You barely miss the goblin.
You feel very sick. The goblin hits you but does no damage.
The kobold hits you but does no damage.
You are more poisoned.
You block the goblin's attack.
You closely miss the kobold. You bite the kobold, but do no damage.
You hit the goblin.
You kill the goblin!
You feel very sick. The kobold hits you but does no damage.
You are lethally poisoned!
You block the kobold's attack.
You slash the kobold!
You kill the kobold!
You feel very sick. The endoplasm freezes you.
You are frozen.
Unknown command.
You hit the endoplasm.
The endoplasm is lightly wounded.
You slash the goblin!
You kill the goblin!
* * * LOW HITPOINT WARNING * * *
You feel very sick. You block the endoplasm's attack.
You slash the endoplasm!
You kill the endoplasm!
* * * LOW HITPOINT WARNING * * *
You feel sick.
Unknown command.
Okay, then.
* * * LOW HITPOINT WARNING * * *
You feel sick.
Things that are here:
a +0 club; a +0 club
* * * LOW HITPOINT WARNING * * *
You feel sick.
You die...

###.......####.####....##..##.>#
..#..###.## ....###.#......#...#
#.#...#..# ##....#.#......#...#
#.##..#..# #.#.#.....#....#..##
#.....#..# #...#.....###..#..#
......#... #...#..........#..#
.########.#.#...#....####..#..#
..## .#.....))...# ...##
.#.##..@..### ....## #........#
.....## ####.##..# ≈≈....## #.
#..# ..≈....# # #..# <.≈....#
#... ..≈....# #.### ≈≈....## #.#
.....##


There were no monsters in sight!

Vanquished Creatures
  A dart slug (D:1)
  A ball python (D:1)
  2 endoplasms (D:1)
  3 giant cockroaches (D:1)
  A hobgoblin (D:1)
  2 jackals (D:1)
  A bat (D:1)
  A frilled lizard (D:1)
  5 goblins (D:1)
  2 kobolds (D:1)
19 creatures vanquished.

Notes
Turn   | Place    | Note
-------+----------+-------------------------------------------
     0 | D:1      | Renzlar the Gnoll Fighter began the quest for the Orb.
     0 | D:1      | Reached XP level 1. HP: 23/23 MP: 1/1
   105 | D:1      | Reached XP level 2. HP: 24/29 MP: 2/2
   254 | D:1      | Found a faded altar of an unknown god.
   353 | D:1      | HP: 1/29 [poisoned by a kobold]
   354 | D:1      | Succumbed to a kobold's poison

Illustrated notes

Levels and vault maps discovered:
D:1:      enne_arrival_octagon_isle, layout_basic, basic_ecumenical_altar

Action                   || total
-------------------------++-------
Melee: War axe           ||    44
       Bite              ||     4
Throw: Stone             ||     1
Armor: Scale mail        ||    14
Dodge: Dodged            ||    10
Block: Kite shield       ||    25
